 Dungeon Crawl Stone Soup version 0.31.0-32-g396128a36d (webtiles) character file.

Game seed: 18221202199485123736

1629 Curundu the Cleaver (level 8, -1/109 HPs)
             Began as a Minotaur Berserker on Mar 16, 2024.
             Was a Priest of Trog.
             Succumbed to a gnoll sergeant's poison
             ... on level 7 of the Dungeon.
             The game lasted 00:16:09 (4251 turns).

Curundu the Cleaver (Minotaur Berserker)            Turns: 4251, Time: 00:16:10

Health: -1/109     AC: 15    Str: 24    XL:     8   Next: 65%
Magic:  7/7        EV:  6    Int:  4    God:    Trog [***...]
Gold:   119        SH:  6    Dex: 10    Spells: 7/7 levels left

rFire   . . .        a - +0 broad axe
rCold   . . .        c - +0 kite shield
rNeg    . . .        b - +1 plate armour
rPois   .            h - +0 hat
rElec   .            (no cloak)
rCorr   .            k - +0 pair of gloves
SInv    .            (no boots)
Will    .....        (no amulet) Stlth
                     (no ring)
HPRegen 0.38/turn    (no ring)
MPRegen 0.10/turn

%: no passive effects
@: berserking (expiring), lethally poisoned (-1 -> -23), very quick
A: horns 2, retaliatory headbutt
a: Renounce Religion, Berserk, Trog's Hand


You were on level 7 of the Dungeon.
You worshipped Trog.
Trog was most pleased with you.
You visited 1 branch of the dungeon, and saw 7 of its levels.

You collected 231 gold pieces.
You spent 112 gold pieces at shops.

Inventory:

Hand Weapons
 a - a +0 broad axe (weapon)
Missiles
 z - 4 boomerangs (quivered)
Armour
 b - a +1 plate armour (worn)
 c - a +0 kite shield (worn)
 h - a +0 hat (worn)
 k - a +0 pair of gloves (worn)
Jewellery
 q - a ring of resist corrosion
Wands
 s - a wand of polymorph (1)
 t - a wand of quicksilver (5)
Scrolls
 e - a scroll of immolation
 g - a scroll of teleportation
 i - a scroll of enchant armour
 j - 2 scrolls of amnesia
 l - a scroll of acquirement
 v - a scroll of silence {unknown}
 x - a scroll of noise {unknown}
 y - 11 scrolls of identify {unknown}
 B - a scroll of fear {unknown}
Potions
 f - a potion of attraction {unknown}
 m - a potion of mutation {unknown}
 n - a potion of lignification {unknown}
 o - a potion of invisibility {unknown}
 p - 3 potions of curing {unknown}
 u - a potion of haste {unknown}
 w - a potion of brilliance {unknown}
 A - a potion of heal wounds {unknown}


   Skills:
 + Level 7.3 Fighting
 + Level 8.7 Axes
 + Level 7.8 Armour
 + Level 3.8 Dodging
 + Level 0.7 Stealth


You had 7 spell levels left.
You didn't know any spells.
Your spell library was empty.

Dungeon Overview and Level Annotations

Branches:
Dungeon (7/15)             Temple (0/1) D:7

Altars:

Shops:
D:3 [   D:5 [(


Innate Abilities, Weirdness & Mutations

You have a pair of horns on your head.
You reflexively headbutt those who attack you in melee.


Message History

You feel extremely sick. You block the gnoll's attack.
The gnoll sergeant hits you but does no damage.
You are more poisoned.
Unknown command.
You hit the gnoll sergeant but do no damage.
You headbutt the gnoll sergeant, but do no damage.
You closely miss the gnoll.
You feel extremely sick.
A gnoll comes into view. It is wielding a +0 spear.
The gnoll hits you with a +0 halberd!
The gnoll sergeant hits you but does no damage.
You are lethally poisoned!
A red film seems to cover your vision as you go berserk!
You feel yourself moving faster!
You feel mighty!
* * * LOW HITPOINT WARNING * * *
You feel extremely sick.
The gnoll shouts!
You hear a shout!
The gnoll sergeant hits you with a +1 spear of venom!
* * * LOW HITPOINT WARNING * * *
You are more poisoned.
The gnoll barely misses you.
You slash the gnoll sergeant! The gnoll sergeant blocks your attack.
The gnoll sergeant is moderately wounded.
You hit the gnoll.
You kill the gnoll!
Trog accepts your kill.
* * * LOW HITPOINT WARNING * * *
You feel extremely sick.
The gnoll sergeant hits you but does no damage.
You are more poisoned.
You closely miss the gnoll sergeant.
The gnoll sergeant is moderately wounded.
* * * LOW HITPOINT WARNING * * *
You feel extremely sick.
* * * LOW HITPOINT WARNING * * *
You feel very sick. The gnoll sergeant barely misses you.
You feel a strong urge to attack something.
You die...

*###.........##.....#*,**
#.......)###.##.)...#*,**
**#.###....# #.##.....#*,,*
*,,,*##....###.##.....#*,,,
*,*###..#...##..#######,,,,
*,*..............#****,,,,,
*,,...##.).g.#....,,,,,,,,*
*,,..#*##...#.....,,,,,,,**
****,.#*,,##@.#..#..,,,,,*,~,
**,,,,,**,,*#g....#,.,,,*,,,~,
*,,,,,,,*++*.........,,,*,,,~,
*,,,**,,,,,...##.....,,*,,,,~,
*,,****,,,...##*#..#.,,,,,,,~*
*,**,,+,,....+,,*#.#,,***,,~~,
*,**,,+,.....+,,**...,,,,,,,~,
*,,****......****,,..,,,,,,,,,
*,,,**,,,,,,,,**,,,,,,,,,,,,,,


You could see a gnoll sergeant and a gnoll.

Vanquished Creatures
  The ghost of Zeo the Covert, an amateur SpBr (D:5)
  An orc warrior (D:6)
  4 black bears
  A wolf (D:7)
  An ogre (D:6)
  A gnoll sergeant (D:7)
  A scorpion (D:6)
  4 hounds
  A bombardier beetle (D:3)
  7 iguanas
  4 orc wizards
  7 gnolls
  12 adders
  A white imp (D:6)
  3 dart slugs
  A ribbon worm (D:2)
  17 orcs
  8 ball pythons
  4 bats
  5 endoplasms
  A giant cockroach (D:1)
  10 goblins
  6 hobgoblins
  11 jackals
  6 kobolds
  A quokka (D:3)
  4 frilled lizards
  8 rats
131 creatures vanquished.

Notes
Turn   | Place    | Note
-------+----------+-------------------------------------------
     0 | D:1      | Curundu the Minotaur Berserker began the quest for the Orb.
     0 | D:1      | Reached XP level 1. HP: 19/19 MP: 0/0
    77 | D:1      | Reached XP level 2. HP: 20/27 MP: 1/1
    85 | D:1      | Reached skill level 4 in Axes
   238 | D:1      | Reached ** piety under Trog
   273 | D:1      | Reached XP level 3. HP: 33/33 MP: 2/2
  1089 | D:3      | Reached XP level 4. HP: 33/41 MP: 3/3
  1310 | D:3      | Reached skill level 5 in Fighting
  1434 | D:3      | Reached XP level 5. HP: 48/48 MP: 4/4
  1438 | D:3      | Found Zoppy's Armour Emporium.
  1481 | D:3      | Noticed a black bear
  1488 | D:3      | Killed a black bear
  1489 | D:3      | Reached skill level 5 in Axes
  1829 | D:4      | Noticed a black bear
  1841 | D:4      | Killed a black bear
  1842 | D:4      | Reached skill level 5 in Armour
  1842 | D:4      | Reached XP level 6. HP: 50/56 MP: 5/5
  2062 | D:4      | Reached *** piety under Trog
  2142 | D:4      | Reached skill level 6 in Axes
  2345 | D:4      | Identified the +1 robe of the Spider Nest {Harm Int+6 Dex-3
                  | Archmagi}
  2687 | D:5      | Entered Level 5 of the Dungeon
  2697 | D:5      | Reached XP level 7. HP: 62/62 MP: 6/6
  2733 | D:5      | Found Esoeff's Antique Armour Shop.
  2938 | D:5      | Reached skill level 7 in Axes
  2995 | D:5      | Found a runed translucent door.
  2996 | D:5      | Noticed Zeo's ghost (amateur SpBr)
  3006 | D:5      | Killed Zeo's ghost
  3363 | D:5      | Found Taeq's Antique Weapon Shop.
  3371 | D:5      | Bought a broad axe for 112 gold pieces
  3648 | D:6      | Reached XP level 8. HP: 38/71 MP: 7/7
  3710 | D:6      | Reached skill level 8 in Axes
  4083 | D:7      | Identified 2 scrolls of acquirement
  4083 | D:7      | Acquired 857 gold pieces
  4250 | D:7      | HP: 3/109 [poisoned by a gnoll sergeant]
  4251 | D:7      | Succumbed to a gnoll sergeant's poison

Illustrated notes

Levels and vault maps discovered:
D:1:      amcnicky_arrival_flooded_fountain, layout_rooms, minivault_27
D:2:      layout_basic, kennysheep_another_room
D:3:      layout_loops_ring, serial_shops, shop, st_stairs_6
D:4:      layout_loops_cross, corexii_checkpoint, kennysheep_generic_room_3
D:5:      layout_rooms, serial_shops, shop, nicolae_diamond_shop,
          gammafunk_ghost_grave
D:6:      layout_gridville
D:7:      layout_cave_pools, minmay_temple_entry_offerings, serial_gnoll_camp,
          gnoll_camp_huts_basic, gnoll_camp_medium_01, gnoll_camp_mini_basic,
          gnoll_camp_mini_basic, serial_shops, nicolae_shop_industrial_runoff,
          shop, nicolae_shop_rolled_up, shop, chequers_serial_rivers_micro_e

Skill      XL: |  1  2  3  4  5  6  7  8 |
---------------+-------------------------+-----
Axes           | 4 5 6 7 8 |  8.7
Fighting       | 4 5 6 7 |  7.3
Armour         | 3 4 5 6 7 |  7.8
Dodging        | 3 |  3.8
Stealth        | |  0.7

Action                     |  1- 3 |  4- 6 |  7- 9 || total
---------------------------+-------+-------+-------++-------
  Melee: Hand axe          |    70 |   112 |    67 ||   249
         Headbutt          |    10 |    13 |    22 ||    45
         Broad axe         |       |       |    80 ||    80
         Punch             |       |       |     2 ||     2
 Invoke: Trog's Hand       |       |     2 |     3 ||     5
         Berserk           |       |       |     3 ||     3
    Use: Scroll            |       |       |     8 ||     8
 Armour: Animal skin       |    20 |       |       ||    20
         Chain mail        |    46 |   108 |    85 ||   239
         Plate armour      |       |       |    64 ||    64
  Dodge: Dodged            |    67 |    73 |    84 ||   224
  Block: Kite shield       |       |       |     7 ||     7
